 Dungeon Crawl Stone Soup version 0.30-a0-210-g01b79a254e (webtiles) character file.

Game seed: 7536789334102449993

23 IdlyInterested the Cutter (level 2, -4/22 HPs)
             Began as a Demonspawn Gladiator on Oct 4, 2022.
             Slain by Terence
             ... wielding a +0 short sword
              (6 damage)
             ... on level 2 of the Dungeon.
             The game lasted 00:02:39 (1072 turns).

IdlyInterested the Cutter (Demonspawn Gladiator)    Turns: 1072, Time: 00:02:39

Health: -4/22      AC:  0    Str: 13    XL:     2   Next: 72%
Magic:  2/2        EV: 20    Int:  6    God:
Gold:   61         SH:  0    Dex: 23    Spells: 1/1 levels left

rFire   . . .      SeeInvis .    (weapon currently unavailable)
rCold   . . .      Faith    .    (shield currently unavailable)
rNeg    . . .      Spirit   .    (body armour currently unavailable)
rPois   .          Reflect  .    (helmet currently unavailable)
rElec   .          Harm     .    (cloak currently unavailable)
rCorr   .          Rampage  .    (gloves currently unavailable)
Will    .....                    (boots currently unavailable)
Stlth   ++........               (no amulet)
HPRegen 0.23/turn                (ring currently unavailable)
MPRegen 0.08/turn                (ring currently unavailable)

@: bat-form, flying, unable to drink, very quick
A: fast, flying, no casting, tiny, (spiny 1), (camouflage 1), agile 1, dopey 1,
inability to drink after injury 1
a: no special abilities


You were on level 2 of the Dungeon.
You were a bat.
You visited 1 branch of the dungeon, and saw 2 of its levels.

You collected 61 gold pieces.

Inventory:

Hand Weapons
 a - a +1 rapier (melded)
Missiles
 d - 3 throwing nets (quivered)
Armour
 b - a +0 leather armour
 c - a +0 helmet (melded)
 n - a +0 scale mail (melded)
Scrolls
 l - 2 scrolls of enchant weapon


   Skills:
 - Level 2.0 Fighting
 + Level 3.0 Short Blades
 - Level 1.7 Throwing
 - Level 2.6 Dodging
 * Level 2.0 Stealth


You had one spell level left.
You didn't know any spells.
Your spell library was empty.

Dungeon Overview and Level Annotations

Branches:
Dungeon (2/15)

Altars:

Shops:
D:2 :

Annotations:
D:2 Terence


Innate Abilities, Weirdness & Mutations

You are a bat.
You are tiny and dextrous.
You move quickly.
You are flying.
Your equipment is almost entirely melded.
You are incapable of wielding weapons or throwing items.
You cannot cast spells.
((You are partially covered in sharp spines.))
((Your skin changes colour to match your surroundings (Stealth+).))
You are agile. (Dex +4, Str/Int -1)
You are dopey. (Int -2)
You occasionally lose the ability to drink potions when taking damage.


Message History

Press: ? - help, Shift-Dir - straight line, f/p - Terence
Aim: Terence, wielding a +0 short sword, wearing a +0 chain mail of poison resistance and carrying a wand of polymorph (6) (severely wounded, fast, 67% to hit)
You throw a javelin. The javelin barely misses Terence.
The javelin barely misses the iguana.
Terence zaps a wand.
You turn into a bat.
Your +1 rapier melds into your body.
Your +0 helmet melds into your body.
Your +0 scale mail melds into your body.
Terence completely misses you.
You hit Terence but do no damage.
Terence is severely wounded.
Terence barely misses you. Terence hits you with a +0 short sword.
You hit Terence but do no damage.
Terence is severely wounded.
Terence is no longer moving quickly.
Terence completely misses you.
You barely miss Terence.
Terence is severely wounded.
Terence hits you with a +0 short sword!
* * * LOW HITPOINT WARNING * * *
You hit Terence but do no damage.
Terence is severely wounded.
Terence closely misses you.
You hit Terence but do no damage.
Terence is severely wounded.
Terence hits you with a +0 short sword.
* * * LOW HITPOINT WARNING * * *
It was a potion of lignification.
You feel woody for a moment. Terence completely misses you.
It was a potion of mutation.
You feel extremely strange.
You occasionally lose the ability to drink potions when taking damage.
Your skin functions as natural camouflage.
You feel stupid.
You feel agile. Terence closely misses you.
You hit Terence but do no damage.
Terence is severely wounded.
Terence misses you.
You hit Terence but do no damage.
Terence is severely wounded.
Terence hits you with a +0 short sword.
You feel threatened and lose the ability to drink potions!
You die...

.##
###...#.#######
..## .# #.....#.#
###..##.#
#.##..#.#
#....##.#
#.##.##.#
#....##.#
#.......#
#..⌠.⌠..#
####.####
#...∩...# #.#
#..⌠.⌠..## #.#
####.....# #b#
####..### #@#
#########..l.###l#
...............((#
..............>###
.............###
.............#
.............#
##############


You could see Terence and an iguana.

Vanquished Creatures
  A dart slug (D:2)
  5 endoplasms
  3 goblins (D:1)
  3 quokkas (D:1)
  2 ball pythons (D:1)
  2 bats
  2 kobolds
18 creatures vanquished.

Notes
Turn   | Place    | Note
-------+----------+-------------------------------------------
     0 | D:1      | IdlyInterested the Demonspawn Gladiator began the quest for
                  | the Orb.
     0 | D:1      | Reached XP level 1. HP: 16/16 MP: 1/1
   180 | D:1      | Reached skill level 1 in Stealth
   205 | D:1      | Gained mutation: You are partially covered in sharp spines.
                  | [demonic ancestry]
   205 | D:1      | Reached XP level 2. HP: 22/22 MP: 2/2
   886 | D:2      | Reached skill level 3 in Short Blades
   961 | D:2      | Found Isokum's Book Boutique.
  1016 | D:2      | Noticed Terence
  1056 | D:2      | HP: 1/22 [Terence/+0 short sword (5)]
  1068 | D:2      | HP: 1/22 [Terence/+0 short sword (3)]
  1070 | D:2      | Gained mutation: You occasionally lose the ability to drink
                  | potions when taking damage. [potion of mutation]
  1070 | D:2      | Gained mutation: Your skin changes colour to match your
                  | surroundings (Stealth+). [potion of mutation]
  1070 | D:2      | Gained mutation: You are dopey. (Int -2) [potion of
                  | mutation]
  1070 | D:2      | Gained mutation: You are agile. (Dex +4, Str/Int -1)
                  | [potion of mutation]
  1072 | D:2      | Slain by Terence

Illustrated notes

Levels and vault maps discovered:
D:1:      dpeg_arrival_fog, layout_loops_ring, minmay_misc_feat_more_columns,
          nicolae_titane
D:2:      layout_basic, serial_shops, shop_fountains,
          hellmonk_ecumenical_altar_defaced_shrine, supply_closet_lemuel,
          uniq_terence

Skill      XL: |  1  2 |
---------------+-------+-----
Stealth        | 1 2 |  2.0
Short Blades   | 3 |  3.0
Fighting       | |  2.0
Throwing       | |  1.7
Dodging        | |  2.6

Action                   || total
-------------------------++-------
Melee: Rapier            ||    35
       Unarmed           ||    26
Throw: Javelin           ||     5
  Use: Scroll            ||     5
       Potion            ||     5
 Stab: Sleeping          ||     2
Armor: Scale mail        ||     9
Dodge: Dodged            ||    47

Table legend: (Time is in decaauts)
 A = Elapsed time spent in this place.
 B = Non-inter-level travel time spent in this place.
 C = Inter-level travel time spent in this place.
 D = Time resting spent in this place.
 E = Time spent auto-exploring this place.
 F = Levels seen in this place.
 G = Mean time per level.
                   A        B        C        D        E       F      G
               +--------+--------+--------+--------+--------+-----+--------+
         Total |   1070 |    978 |     92 |     59 |    673 |   2 |  535.0 |
       Dungeon |   1070 |    978 |     92 |     59 |    673 |   2 |  535.0 |
               +--------+--------+--------+--------+--------+-----+--------+

Top non-repeatable levels by time:
     D:1: 854 daAuts
     D:2: 215 daAuts
